 Dungeon Crawl Stone Soup version 0.18-a0-119-g02a7081 (webtiles) character file.

5790 Duffy the Basher (level 10, 0/111 HPs)
             Began as an Ogre Hunter on Nov 19, 2015.
             Was a Believer of Cheibriados.
             Slain by a troll (13 damage)
             ... on level 10 of the Dungeon.
             The game lasted 00:18:26 (9921 turns).

Duffy the Basher (Ogre Hunter)                      Turns: 9921, Time: 00:18:26

Health: 0/111      AC:  8    Str: 27    XL:     10   Next: 79%
Magic:  19/19      EV: 12    Int: 15    God:    Cheibriados [**....]
Gold:   220        SH:  0    Dex: 15    Spells: 0 memorised, 9 levels left

rFire  . . .     SeeInvis .     P - +0 giant spiked club
rCold  + . .     Clarity  .     t - +2 robe {rC+}
rNeg   . . .     SustAt   .     (shield currently unavailable)
rPois  .         Gourm    .     (helmet restricted)
rElec  .         Spirit   .     w - +2 cloak
rCorr  .         Warding  .     (gloves unavailable)
rMut   .         Stasis   .     (boots unavailable)
MR     +....                    D - amulet of faith
Stlth  ++........               (no ring)
                                V - ring of magical power

@: very slow, somewhat resistant to hostile enchantments, unstealthy
A: unfitting armour, tough skin 1
a: Bend Time, Renounce Religion


You were on level 10 of the Dungeon.
You worshipped Cheibriados.
Cheibriados was pleased with you.
You were not hungry.

You visited 2 branches of the dungeon, and saw 11 of its levels.

You collected 362 gold pieces.
You spent 142 gold pieces at shops.


Innate Abilities, Weirdness & Mutations

You are too large for most types of armour.
You have tough skin (AC +1).


   Skills:
 - Level 10.4 Fighting
 + Level 12.1 Maces & Flails
 - Level 10.0 Throwing
 + Level 4.0 Dodging
 - Level 0.7 Stealth


You had 9 spell levels left.
You didn't know any spells.

Inventory:

Hand Weapons
 a - a +2 flail of protection
 b - a +2 hunting sling of flaming
 j - a +0 mace
 x - a +0 giant club
 P - a +0 giant spiked club (weapon)
Missiles
 c - 5 large rocks
 d - 2 throwing nets
 f - 175 stones (quivered)
 l - 20 tomahawks
 v - 5 javelins
 E - 2 needles of confusion
 H - 42 sling bullets
 Q - 8 poisoned needles
Armour
 t - a +2 robe of cold resistance (worn)
 w - a +2 cloak (worn)
Jewellery
 D - an amulet of faith (around neck)
 V - a ring of magical power (left hand)
Wands
 m - a wand of cold (8)
 p - a wand of teleportation (4)
 q - a wand of heal wounds (2)
 R - a wand of lightning (8)
 T - a wand of draining (12)
 Y - a wand of frost (12)
Scrolls
 h - a scroll of amnesia {unknown}
 s - 2 scrolls of fog
 u - a scroll of immolation {unknown}
 y - 2 scrolls of remove curse
 G - 2 scrolls of teleportation
 I - 2 scrolls of noise {unknown}
 J - 2 scrolls of silence {unknown}
 K - 2 scrolls of recharging {unknown}
 L - 3 scrolls of magic mapping
 S - a scroll of blinking {unknown}
 Z - a scroll of enchant weapon {unknown}
Potions
 g - 2 potions of lignification
 k - 5 potions of curing
 o - 2 potions of haste
 r - 4 potions of agility
 z - a potion of ambrosia {unknown}
 A - a potion of cure mutation
 B - 2 potions of cancellation
 F - 4 potions of brilliance
 M - 2 potions of resistance {unknown}
 N - 2 potions of poison {unknown}
 X - a potion of heal wounds {unknown}
Comestibles
 e - 7 bread rations
 i - 3 meat rations
 n - 3 fruits
 C - 2 royal jellies
 O - 2 slices of pizza
 U - a beef jerky
 W - 3 chunks of flesh

Dungeon Overview and Level Annotations

Branches:
Dungeon (10/15)            Temple (1/1) D:4            Lair (0/8) D:9
    Orc (0/4) D:9

Altars:
Ashenzari
Cheibriados
Dithmenos
Elyvilon
Fedhas
Gozag
Kikubaaqudgha
Makhleb
Nemelex Xobeh
Okawaru
Qazlal
Ru
Sif Muna
Trog
Vehumet
Xom
Yredelemnul
Zin
The Shining One

Shops:
D:4 *[

Annotations:
D:6 2 runed doors
D:9 Erolcha


Message History

You barely miss the troll.
The troll is lightly wounded.
The troll misses you. The troll barely misses you. The troll claws you.
The troll closely misses you. The troll claws you.
The troll closely misses you.
You barely miss the troll.
The troll is lightly wounded.
The troll bites you! The troll barely misses you. The troll claws you!
You puncture the troll!
The troll is moderately wounded.
The troll completely misses you. The troll claws you! The troll claws you!
You are too injured to fight recklessly!
You are too injured to fight recklessly!
You barely miss the troll.
The troll is moderately wounded.
The troll bites you but does no damage. The troll closely misses you.
The troll claws you but does no damage. The troll closely misses you.
The troll misses you. The troll barely misses you.
You puncture the troll!
The troll is heavily wounded.
The troll bites you but does no damage. The troll claws you but does no damage.
The troll claws you!
You closely miss the troll.
The troll is heavily wounded.
The troll bites you but does no damage. The troll claws you.
The troll closely misses you.
You puncture the troll!
The troll is almost dead.
The troll barely misses you. The troll claws you.
The troll claws you but does no damage.
You barely miss the troll.
The troll is almost dead.
The troll bites you! The troll barely misses you. The troll claws you!
The troll bites you!
You die...

.....................# #..#
...............####..# #..#
.........####..# #..# #..#
.........# #..# #..# #..#
.........# #..# #..# #..#
.........# #..# #..# #..#
.........# #..####..######..####
.........####....................
................@T(.........)....
...............####((........####
.........####..# .(.......#
.........# #..# ...(....)#
.........# #..# .........####
.........# #..# ............)
.........# #..# .............
.........# #... .............
.......... .).. ............


You could see a troll.

Action                   |  1- 3 |  4- 6 |  7- 9 | 10-12 || total
-------------------------+-------+-------+-------+-------++-------
Melee: Whip              |    24 |       |       |       ||    24
       Short sword       |     9 |       |       |       ||     9
       Mace              |    67 |       |       |       ||    67
       Flail             |       |    66 |   221 |    73 ||   360
       Giant spiked club |       |       |    16 |    29 ||    45
 Fire: Hunting sling     |     9 |    87 |     2 |       ||    98
Throw: Stone             |    45 |    26 |   216 |    44 ||   331
       Javelin           |       |     7 |    15 |     8 ||    30
       Large rock        |       |       |     5 |     1 ||     6
       Tomahawk          |       |       |       |     5 ||     5
  Use: Scroll            |       |       |    12 |     2 ||    14
       Potion            |       |       |     1 |     1 ||     2
 Stab: Sleeping          |     1 |       |     3 |       ||     4
  Eat: Chunk             |     2 |     5 |    14 |     3 ||    24
       Fruit             |       |       |     4 |       ||     4

Notes
Turn   | Place    | Note
--------------------------------------------------------------
     0 | D:1      | Duffy the Ogre Hunter began the quest for the Orb.
     0 | D:1      | Reached XP level 1. HP: 22/22 MP: 1/1
   410 | D:1      | Reached XP level 2. HP: 26/29 MP: 2/2
   430 | D:1      | Reached skill level 1 in Maces & Flails
  1028 | D:2      | Reached XP level 3. HP: 36/36 MP: 3/3
  1265 | D:2      | Reached skill level 2 in Maces & Flails
  1673 | D:2      | Noticed Jessica
  1675 | D:2      | Killed Jessica
  1675 | D:2      | Reached skill level 3 in Maces & Flails
  1675 | D:2      | Reached skill level 5 in Throwing
  1675 | D:2      | Reached XP level 4. HP: 44/44 MP: 4/4
  2017 | D:3      | Found a sparkling altar of Nemelex Xobeh.
  2129 | D:3      | Found a basalt altar of Yredelemnul.
  2162 | D:3      | Noticed an ogre
  2169 | D:3      | Killed an ogre
  2169 | D:3      | Reached skill level 4 in Maces & Flails
  2169 | D:3      | Reached XP level 5. HP: 50/50 MP: 5/5
  2251 | D:3      | Reached XP level 6. HP: 29/59 MP: 6/6
  2439 | D:3      | Reached skill level 5 in Maces & Flails
  2700 | D:3      | Found a radiant altar of Vehumet.
  2874 | D:4      | Reached skill level 6 in Throwing
  3018 | D:4      | Found a staircase to the Ecumenical Temple.
  3024 | Temple   | Entered the Ecumenical Temple
  3198 | D:4      | Reached skill level 6 in Maces & Flails
  3230 | D:4      | Found a shimmering altar of Xom.
  3232 | D:4      | Noticed Qrupt's ghost (amateur HEFi)
  3281 | D:4      | Killed Qrupt's ghost
  3281 | D:4      | Reached XP level 7. HP: 31/66 MP: 7/7
  3526 | D:4      | Found a shattered altar of Ashenzari.
  3664 | D:4      | Noticed Natasha
  3674 | D:4      | Killed Natasha
  3674 | D:4      | Reached skill level 7 in Maces & Flails
  3709 | D:4      | Noticed Natasha
  3711 | D:4      | Killed Natasha
  3742 | D:4      | Reached skill level 7 in Throwing
  3859 | D:4      | Found Ariut's Assorted Antiques.
  3865 | D:4      | Bought a scroll labeled WYIF DAASTRAOR for 29 gold pieces
  3865 | D:4      | Bought a scroll labeled DONIUGG QUAMA for 29 gold pieces
  3865 | D:4      | Bought a scroll labeled GIMY ETYKUBLOFI for 29 gold pieces
  3865 | D:4      | Bought a scroll labeled LUUGGA QEAKLAI for 29 gold pieces
  3950 | D:4      | Found a shadowy altar of Dithmenos.
  3956 | D:4      | Found Boaclyni's Antique Armour Boutique.
  4048 | D:4      | Noticed Natasha
  4051 | D:4      | Killed Natasha
  4168 | D:4      | Reached skill level 8 in Maces & Flails
  4168 | D:4      | Reached XP level 8. HP: 54/74 MP: 8/8
  4379 | D:5      | Entered Level 5 of the Dungeon
  4563 | D:5      | Noticed a troll
  4568 | D:5      | Killed a troll
  4568 | D:5      | Reached skill level 9 in Maces & Flails
  4568 | D:5      | Reached skill level 8 in Throwing
  4917 | D:4      | Bought a murky emerald potion for 26 gold pieces
  5247 | D:6      | Found a runed door.
  5287 | D:6      | Found a blossoming altar of Fedhas.
  5323 | D:6      | Reached skill level 10 in Maces & Flails
  5349 | D:6      | Noticed Crazy Yiuf
  5353 | D:6      | Killed Crazy Yiuf
  5520 | D:6      | Reached skill level 3 in Fighting
  5711 | D:6      | Found a deep blue altar of Sif Muna.
  5746 | D:6      | Found a runed door.
  5905 | D:6      | Reached XP level 9. HP: 83/83 MP: 9/9
  6067 | D:6      | Reached skill level 9 in Throwing
  6166 | D:7      | Reached skill level 4 in Fighting
  6609 | D:7      | Found an opulent altar of Gozag.
  6966 | D:7      | Reached skill level 5 in Fighting
  7823 | D:8      | Reached skill level 6 in Fighting
  8308 | D:8      | Found a snail-covered altar of Cheibriados.
  8311 | D:8      | Found a glowing silver altar of Zin.
  8313 | D:8      | Found a glowing golden altar of the Shining One.
  8332 | D:8      | Became a worshipper of Cheibriados the Contemplative
  8429 | D:8      | Reached skill level 7 in Fighting
  8429 | D:8      | Reached skill level 10 in Throwing
  8760 | D:8      | Noticed a seven-headed hydra
  8769 | D:8      | Killed a seven-headed hydra
  8769 | D:8      | Reached skill level 8 in Fighting
  8769 | D:8      | Reached skill level 2 in Dodging
  8769 | D:8      | Reached XP level 10. HP: 85/106 MP: 10/10
  8936 | D:9      | Found a staircase to the Orcish Mines.
  9071 | D:9      | Reached * piety under Cheibriados
  9204 | D:9      | Noticed Erica
  9223 | D:9      | Killed Erica
  9223 | D:9      | Reached skill level 9 in Fighting
  9223 | D:9      | Reached skill level 11 in Maces & Flails
  9223 | D:9      | Reached skill level 3 in Dodging
  9392 | D:9      | Noticed Erolcha
  9473 | D:10     | Entered Level 10 of the Dungeon
  9500 | D:10     | Reached ** piety under Cheibriados
  9685 | D:10     | Noticed a hill giant
  9691 | D:10     | Killed a hill giant
  9691 | D:10     | Reached skill level 10 in Fighting
  9691 | D:10     | Reached skill level 12 in Maces & Flails
  9691 | D:10     | Reached skill level 4 in Dodging
  9921 | D:10     | Slain by a troll

Vault maps used:
D:1:      lemuel_arrival_broad_hall
D:2:      first_bread, uniq_jessica
D:3:      nicolae_overflow_hidden_temple, lemuel_coloured_pillars_altar,
          nemelex_xobeh_ov_fountains_minmay
D:4:      grunt_temple_overflow_open, lemuel_round_altar,
          minmay_temple_entry_fiery, serial_shops, kennysheep_little_box,
          nicolae_shop_stone, uniq_natasha
D:5:      st_stairs_7
D:6:      lemuel_insect_pit, lemuel_blue_sif_altar, minmay_misc_feat_alley,
          fedhas_altar_1, uniq_crazy_yiuf_cottage
D:7:      grunt_gozag_breadcrumbs
D:8:      gammafunk_temple_overflow_forgotten
D:9:      grunt_lair_entry_elf_guard_hut, orc_0_dummy, david_nohive_1,
          uniq_erolcha, uniq_erica
D:10:     serial_shops, nicolae_shop_trees
Temple:   nicolae_temple_figure_zero

Vanquished Creatures
  A hydra Erica
  A hill giant
  A troll
  A queen bee
  A yak
  A basilisk
  The ghost of Qrupt the Cutter, an amateur HEFi
  An ice beast
  A black bear
  3 ogres
  2 phantoms
  An orc warrior
  A crocodile
  3 centaurs
  A wasp
  A scorpion
  6 killer bees
  8 wights
  2 crimson imps
  3 giant frog zombies
  3 orc priests
  2 jellies
  9 worker ants
  3 centaur skeletons
  A quasit Crazy Yiuf
  6 hounds
  5 orc wizards
  2 giant frog skeletons
  Jessica Natasha (thrice)
  An iguana
  A hound skeleton
  3 gnolls
  A shadow imp
  6 adders
  An adder zombie
  An adder skeleton
  5 worms
  7 giant geckos
  27 orcs
  2 ball pythons
  8 bats
  8 giant cockroaches
  7 hobgoblins
  6 quokkas
  A giant gecko skeleton
  4 giant newts
  9 goblins
  4 jackals
  A jackal zombie
  5 kobolds
  14 rats
  4 fungi
  A plant
204 creatures vanquished.
